 Dungeon Crawl Stone Soup version 0.28-a0-536-g4f1c8046e5 (webtiles) character file.

Game seed: 12415143084935959229

39 Crimsonway the Grave Robber (level 3, -1/25 HPs)
             Began as a Vampire Necromancer on Sept 27, 2021.
             Was a Follower of Cheibriados.
             Killed from afar by a dart slug (4 damage)
             ... with a slug dart
             ... on level 2 of the Dungeon.
             The game lasted 00:09:14 (1161 turns).

Crimsonway the Grave Robber (Vampire Necromancer)   Turns: 1161, Time: 00:09:16

Health: -1/25      AC:  2    Str: 10    XL:     3   Next: 26%
Magic:  4/6        EV: 13    Int: 21    God:    Cheibriados [*.....]
Gold:   52         SH:  0    Dex: 17    Spells: 5/6 levels left

rFire   . . .      SeeInvis +   f - +0 short sword
rCold   . . .      Faith    .   (no shield)
rNeg    . . .      Spirit   .   a - +0 robe
rPois   .          Reflect  .   (no helmet)
rElec   .          Harm     .   (no cloak)
rCorr   .          Rampage  .   (no gloves)
Will    .....                   (no boots)
Stlth   ++........              (no amulet)
HPRegen 0.28/turn               (no ring)
MPRegen 0.10/turn               (no ring)

@: healing quickly, very slow
A: alive, fangs 3, see invisible, vampiric 2
a: Exsanguinate, Renounce Religion, Bend Time


You were on level 2 of the Dungeon.
You worshipped Cheibriados.
Cheibriados was aware of your devotion.
You visited 1 branch of the dungeon, and saw 2 of its levels.

You collected 52 gold pieces.

Inventory:

Hand Weapons
 f - a +0 short sword (weapon)
Missiles
 c - 2 boomerangs (quivered)
Armour
 a - a +0 robe (worn)
 e - a +0 helmet
 i - a +0 robe
Scrolls
 b - a scroll of vulnerability {unknown}
Potions
 d - 2 potions of heal wounds {unknown}
 g - a potion of curing {unknown}
 h - a potion of lignification {unknown}


   Skills:
 + Level 0.3 Fighting
 + Level 0.7 Short Blades
 + Level 0.4 Throwing
 + Level 2.8 Dodging
 + Level 3.0 Stealth
 + Level 2.1 Spellcasting
 + Level 4.9 Necromancy


You had 5 spell levels left.
You knew the following spells:

 Your Spells              Type           Power      Damage    Failure   Level
a - Pain                  Necr           88%        1d8       1%          1

Your spell library contained the following spells:

 Spells                   Type           Power      Damage    Failure   Level
 Animate Skeleton         Necr           44%        N/A       1%          1
 Vampiric Draining        Necr           11%        2d7       6%          3
 Animate Dead             Necr           11%        N/A       19%         4
 Agony                    Necr           22%        N/A       47%         5


Dungeon Overview and Level Annotations

Branches:
Dungeon (2/15)

Altars:
Cheibriados


Innate Abilities, Weirdness & Mutations

Your natural rate of healing is accelerated.
You have razor-sharp teeth.
You have supernaturally acute eyesight. (SInv)
You are afflicted with vampirism and can become a bat while bloodless.


Message History

You throw a boomerang. The boomerang hits the goblin.
You kill the goblin!
Cheibriados thoroughly appreciates the change of pace.
The dart slug launches a dart at you. The slug dart hits you.
Throw: 2 boomerangs
Press: ? - help, Q - select action, (/) - cycle Shift-Dir - straight line, f - dart slug
Aim: a dart slug (93% to hit)
You throw a boomerang. The boomerang hits the dart slug.
The dart slug is lightly wounded.
The dart slug launches a dart at you. The slug dart misses you.
Throw: 2 boomerangs
Press: ? - help, Q - select action, (/) - cycle Shift-Dir - straight line, f/p - dart slug
Aim: a dart slug (lightly wounded, 93% to hit)
You throw a boomerang.
The boomerang hits the dart slug but does no damage.
The dart slug is lightly wounded.
The dart slug launches a dart at you. The slug dart hits you.
Throw: 2 boomerangs
Press: ? - help, Q - select action, (/) - cycle Shift-Dir - straight line, f/p - dart slug
Aim: a dart slug (lightly wounded, 93% to hit)
You throw a boomerang.
The boomerang hits the dart slug but does no damage.
The dart slug is lightly wounded.
The dart slug launches a dart at you. The slug dart hits you.
* * * LOW HITPOINT WARNING * * *
Aiming: Pain (safe; 1% risk of failure)
Press: ? - help, Q - select action, (/) - cycle Shift-Dir - straight line, f/p - dart slug
Aim: a dart slug (lightly wounded, chance to affect: 91%)
The dart slug writhes in agony.
Aiming: Pain (safe; 1% risk of failure)
Press: ? - help, Q - select action, (/) - cycle Shift-Dir - straight line, f/p - dart slug
Aim: a dart slug (heavily wounded, chance to affect: 91%)
The dart slug writhes in agony.
The dart slug launches a dart at you. The slug dart hits you.
You die...

#.# #.# #.... #.#
#.####... ##'## #.......#
##...#########.# #
##.....## #...... #.#.###
##.......###.##..#
#......##.........##.#....
#.....w)'.........'.......
#....#.##@........##.#....
#.w #. ##.......###.##...
# #. ##....<## # ###.. #.
##...## ..... .. ##'##
####. ## #.# #. ... #.
#..# ...#


You could see a dart slug.

Vanquished Creatures
  An adder (D:2)
  A dart slug (D:1)
  2 giant cockroaches
  3 goblins
  3 hobgoblins
  A quokka (D:1)
  6 ball pythons
  3 bats
  2 frilled lizards (D:2)
  3 kobolds (D:1)
  4 rats
29 creatures vanquished.

Vanquished Creatures (others)
  3 plants (D:2)
3 creatures vanquished.

Grand Total: 32 creatures vanquished

Notes
Turn   | Place    | Note
-------+----------+-------------------------------------------
     0 | D:1      | Crimsonway the Vampire Necromancer began the quest for the
                  | Orb.
     0 | D:1      | Reached XP level 1. HP: 13/13 MP: 3/3
   453 | D:1      | Reached XP level 2. HP: 11/19 MP: 5/5
   929 | D:2      | Found a faded altar of an unknown god.
   946 | D:2      | Became a worshipper of Cheibriados the Contemplative
   946 | D:2      | Reached * piety under Cheibriados
  1006 | D:2      | Gained mutation: You are afflicted with vampirism and can
                  | become a bat while bloodless. [Vampire growth]
  1006 | D:2      | Reached XP level 3. HP: 20/24 MP: 1/6
  1161 | D:2      | Killed from afar by a dart slug

Illustrated notes

Levels and vault maps discovered:
D:1:      heliophobic_arrival_dark_side_of_the_moon, layout_basic,
          minmay_misc_feat_diagonals
D:2:      layout_loops_corners, dilly_ecumenical_altar_fadedgnrine, basic_altar,
          minmay_misc_feat_secret_circle, serial_park_tiny_1,
          grunt_decor_resistance

Action                   || total
-------------------------++-------
Melee: Short sword       ||    46
       Unarmed           ||     5
       Bite              ||     6
Throw: Boomerang         ||    46
 Cast: Pain              ||    15
Armor: Robe              ||    20
Dodge: Dodged            ||    46

Table legend: (Time is in decaauts)
 A = Elapsed time spent in this place.
 B = Non-inter-level travel time spent in this place.
 C = Inter-level travel time spent in this place.
 D = Time resting spent in this place.
 E = Time spent auto-exploring this place.
 F = Levels seen in this place.
 G = Mean time per level.
                   A        B        C        D        E       F      G
               +--------+--------+--------+--------+--------+-----+--------+
         Total |   1249 |   1230 |     19 |      0 |      0 |   2 |  624.5 |
       Dungeon |   1249 |   1230 |     19 |      0 |      0 |   2 |  624.5 |
               +--------+--------+--------+--------+--------+-----+--------+

Top non-repeatable levels by time:
     D:1: 810 daAuts
     D:2: 438 daAuts
